 Dungeon Crawl Stone Soup version 0.31-a0-702-gf82c85558f (webtiles) character file.

Game seed: 18156087958992891109

7963 qw the Marksgargoyle (level 11, -1/68 HPs)
             Began as a Gargoyle Hunter on Sept 8, 2023.
             Was a Believer of Okawaru.
             Shot with a sling bullet by Joseph (11 damage)
             ... on level 7 of the Dungeon.
             The game lasted 00:03:13 (7121 turns).

qw the Marksgargoyle (Gargoyle Hunter)              Turns: 7121, Time: 00:03:13

Health: -1/68      AC: 23    Str: 14    XL:     11   Next: 23%
Magic:  13/14      EV: 15    Int: 11    God:    Okawaru [**....]
Gold:   317        SH:  0    Dex: 17    Spells: 10/10 levels left

rFire   . . .        Y - +0 orcbow
rCold   . . .        (shield currently unavailable)
rNeg    + . .        d - +0 ring mail
rPois   inf          c - +2 helmet
rElec   +            (no cloak)
rCorr   +            (no gloves)
SInv    .            k - +0 pair of boots
Will    .....        (no amulet)
Stlth   +++          n - +4 ring of protection
HPRegen 0.31/turn    g - ring of resist corrosion
MPRegen 0.14/turn

%: no passive effects
@: about to teleport, heroic
A: sickness immunity, AC +8, negative energy resistance 1, electricity
resistance, torment resistance 1, petrification resistance
a: Renounce Religion, Heroism


You were on level 7 of the Dungeon.
You worshipped Okawaru.
Okawaru was pleased with you.
You visited 2 branches of the dungeon, and saw 8 of its levels.
You also visited: Sewer and Ossuary.

You collected 317 gold pieces.


Innate Abilities, Weirdness & Mutations

You are immune to sickness and miasma.
Your stone body is resilient. (AC +8)
You are immune to poison.
You resist negative energy. (rN+)
You are resistant to electric shocks. (rElec)
You are resistant to unholy torment.
You are immune to petrification.


   Skills:
 - Level 8.0(13.0) Fighting
 - Level 15.0(20.0) Ranged Weapons
 + Level 3.5(8.5) Armour
 - Level 3.0(8.0) Dodging
 - Level 1.1(6.1) Stealth
 - Level 5.0 Invocations


You had 10 spell levels left.
You didn't know any spells.
Your spell library was empty.

Inventory:

Hand Weapons
 Y - a +0 orcbow (weapon)
Armour
 c - a +2 helmet (worn)
 d - a +0 ring mail (worn)
 k - a +0 pair of boots (worn)
Jewellery
 g - a ring of resist corrosion (right hand)
 n - a +4 ring of protection (left hand)
Scrolls
 e - 2 scrolls of identify
 i - a scroll of teleportation
Potions
 a - 2 potions of mutation
 b - a potion of enlightenment
 h - a potion of cancellation
 l - a potion of brilliance {unknown}
 m - a potion of invisibility {unknown}
 o - a potion of might {unknown}
 p - a potion of attraction {unknown}

Dungeon Overview and Level Annotations

Branches:
Dungeon (7/15)             Temple (1/1) D:4           Sewer (visited)
Ossuary (visited)

Altars:
Ashenzari
Cheibriados
Elyvilon
Fedhas
Gozag
Hepliaklqana
Kikubaaqudgha
Makhleb
Okawaru
Qazlal
Ru
Sif Muna
Trog
Uskayaw
Vehumet
Wu Jian
Xom
Yredelemnul
Zin

Annotations:
D:7 Jeremiah, Joseph


Message History

You shoot an arrow. The arrow hits Joseph!!
Joseph is almost dead.
The gnoll is no longer moving quickly.
The gnoll bouda hits you but does no damage.
Joseph barely misses you.
Jeremiah lets out a twisted cry.
Something smites you!
7115 |||
Found retreat position at 1,0 (gnoll bouda; floor) with 0 blocking monsters and 3 monsters attacking at destination at distance 1 You shoot an arrow.
The arrow barely misses Joseph.
Your surroundings suddenly seem different.
A jelly comes into view.
Found 3 stones.
7116 ||| READING 3 scrolls of teleportation.
As you read the scroll of teleportation, it crumbles to dust.
You feel strangely unstable.
The jelly quivers.
You shoot an arrow. The arrow hits the jelly!
The jelly is severely wounded.
The jelly completely misses you.
You shoot an arrow. The arrow hits the jelly!
You kill the jelly!
Okawaru accepts your kill.
You start resting.
Your surroundings suddenly seem different.
The butterfly disappears in a burst of colours!
The gnoll bouda barks out a call to the hunt!
The gnoll picks up the pace!
Enter note:
Enter note:
7121 |||
Found retreat position at 2,2 (Joseph; floor) with 0 blocking monsters and 3 monsters attacking at destination at distance 2
Enter note:
Enter note:
7121 ||| READING 2 scrolls of teleportation.
As you read the scroll of teleportation, it crumbles to dust.
You feel strangely unstable.
The gnoll shouts!
The butterfly disappears in a burst of colours! x2
Joseph unwields a +0 quarterstaff.
Joseph wields a +0 sling.
Joseph shoots a sling bullet.
The sling bullet hits you!
You die...

......##.....##.....##....###
......#########.....#######
.......# #............# ..
...<...# #............# ...
.......# #########....#....
.......# ##.....##.g..+....
.......# #...b.Fg).....#...
.......# #.....b##g##......#
.......# #..@.#..#)#..#.....
......## ##...##.....##.....
......# #...@..._bb.......
....... ##..##..F..##.b#.#
....... #..#..#)#..#.b#
....... ##...##b##b..#
......# ##...h.g..0##
......## #...#..#### .......#
###..#.##


You could see Joseph, Jeremiah, a gnoll bouda and a gnoll (swift).

Vanquished Creatures
  A two-headed ogre (D:6)
  Prince Ribbit (D:5)
  2 wraiths (Ossuary)
  Menkaure (D:5)
  Edmund (D:5)
  3 black bears
  A sky beast (D:6)
  2 ice beasts (D:6)
  3 ogres
  2 centaurs
  A phantom (D:4)
  3 kobold brigands (Sewer)
  2 bullfrogs
  A gnoll sergeant (D:6)
  9 wights
  2 howler monkeys (D:7)
  A gnoll bouda (D:5)
  2 hounds (D:4)
  An orc priest (D:6)
  5 jellies
  5 orc wizards
  3 iguanas
  Robin (D:3)
  9 gnolls
  2 river rats
  15 adders
  2 white imps
  An ufetubus (D:5)
  4 worms
  10 orcs
  5 bats
  8 endoplasms
  A giant cockroach (D:3)
  14 goblins
  12 hobgoblins
  6 jackals (D:1)
  15 kobolds
  2 quokkas (D:4)
  11 ball pythons
  2 ball python skeletons (Ossuary)
  4 frilled lizards
  A hobgoblin zombie (Ossuary)
  2 kobold zombies (Ossuary)
  2 orc skeletons (Ossuary)
  An orc zombie (Ossuary)
  11 rats
193 creatures vanquished.

Notes
Turn   | Place    | Note
-------+----------+-------------------------------------------
     0 | D:1      | qw the Gargoyle Hunter began the quest for the Orb.
     0 | D:1      | Reached XP level 1. HP: 12/12 MP: 1/1
     0 | D:1      | 0 ||| qw: Version: 0.3-a-76-g4403597
     0 | D:1      | 0 ||| qw: Game counter: 1269
     0 | D:1      | 0 ||| qw: Melee chars always use a shield: true
     0 | D:1      | 0 ||| qw: God list: Okawaru
     0 | D:1      | 0 ||| qw: Allow faded altars: false
     0 | D:1      | 0 ||| qw: Do Orc after clearing Dungeon:15 true
     0 | D:1      | 0 ||| qw: Do second Lair branch before Depths: true
     0 | D:1      | 0 ||| qw: Lair rune preference: random
     0 | D:1      | 0 ||| qw: Goals: Normal
     0 | D:1      | 0 ||| PLANNING D:1-11
    97 | D:1      | Reached XP level 2. HP: 17/17 MP: 2/2
   408 | D:1      | Reached XP level 3. HP: 20/21 MP: 3/3
   681 | D:1      | Reached skill level 5 in Ranged Weapons
   795 | D:1      | 795 ||| UPGRADING to +0 ring mail.
   805 | D:1      | 805 ||| DROPPING +0 leather armour.
   806 | D:1      | 806 ||| READING scroll labelled RELEUNORPH.
   807 | D:1      | 807 ||| READING scroll labelled PUJOEGEITI.
   908 | D:1      | 908 ||| READING scroll labelled RORAC MEGG.
   913 | D:1      | 913 ||| DRINKING 2 fuming green potions.
   955 | D:1      | 955 ||| DROPPING scroll of butterflies.
   956 | D:1      | 956 ||| DROPPING potion of lignification.
  1006 | D:2      | Reached skill level 1 in Armour
  1296 | D:2      | 1296 ||| STAIRDANCE
  1495 | D:2      | Reached skill level 3 in Fighting
  1495 | D:2      | Reached XP level 4. HP: 24/28 MP: 4/4
  1817 | D:2      | 1817 ||| READING scroll labelled YVASHR GUROIXU.
  1818 | D:2      | 1818 ||| READING scroll labelled JUTSEXONWI.
  1819 | D:2      | 1819 ||| READING scroll labelled HUUXZE QOUPPU.
  1820 | D:2      | 1820 ||| READING 2 scrolls labelled ZOEZIU LETI.
  1821 | D:2      | 1821 ||| DROPPING scroll of vulnerability.
  1830 | D:3      | 1830 ||| PLANNING SEWER
  1892 | D:3      | Found a stormy altar of Qazlal.
  1952 | D:3      | Found a blossoming altar of Fedhas.
  2129 | D:3      | Noticed Robin
  2131 | D:3      | Killed Robin
  2158 | D:3      | Reached XP level 5. HP: 30/32 MP: 5/5
  2217 | D:3      | Reached skill level 6 in Ranged Weapons
  2241 | D:3      | Found a glowing drain.
  2242 | D:3      | 2242 ||| UPGRADING to +2 helmet.
  2247 | D:3      | 2247 ||| DRINKING 2 brown potions.
  2248 | D:3      | 2248 ||| READING 4 scrolls of identify.
  2248 | D:3      | 2248 ||| IDENTIFYING cyan potion
  2249 | D:3      | 2249 ||| READING 3 scrolls of identify.
  2249 | D:3      | 2249 ||| IDENTIFYING sedimented red potion
  2250 | D:3      | 2250 ||| DROPPING potion of ambrosia.
  2258 | Sewer    | Entered a sewer
  2303 | Sewer    | 2303 ||| Stepping ~*~*~tactically~*~*~ (water).
  2357 | Sewer    | 2357 ||| Stepping ~*~*~tactically~*~*~ (water).
  2393 | Sewer    | Noticed a kobold brigand
  2411 | Sewer    | Killed a kobold brigand
  2412 | Sewer    | Reached XP level 6. HP: 14/38 MP: 6/6
  2508 | Sewer    | 2508 ||| Stepping ~*~*~tactically~*~*~ (water).
  2548 | Sewer    | Reached skill level 7 in Ranged Weapons
  2599 | Sewer    | Reached XP level 7. HP: 43/43 MP: 7/7
  2661 | Sewer    | 2661 ||| Stepping ~*~*~tactically~*~*~ (water).
  2663 | Sewer    | 2663 ||| Stepping ~*~*~tactically~*~*~ (water).
  2665 | Sewer    | 2665 ||| Stepping ~*~*~tactically~*~*~ (water).
  2681 | Sewer    | 2681 ||| READING 3 scrolls of identify.
  2681 | Sewer    | 2681 ||| IDENTIFYING metallic emerald potion
  2682 | Sewer    | 2682 ||| READING 2 scrolls of identify.
  2682 | Sewer    | 2682 ||| IDENTIFYING fuming pink potion
  2683 | Sewer    | 2683 ||| DROPPING potion of degeneration.
  2713 | D:3      | 2713 ||| PLANNING D:1-11
  2941 | D:4      | 2941 ||| PLANNING OSSUARY
  2943 | D:4      | 2943 ||| STAIRDANCE
  2988 | D:4      | 2988 ||| STAIRDANCE
  2999 | D:3      | Reached skill level 8 in Ranged Weapons
  3047 | D:4      | 3047 ||| STAIRDANCE
  3117 | D:4      | Found a bloodstained altar of Trog.
  3196 | D:4      | 3196 ||| SWAPPING to +0 orcbow.
  3197 | D:4      | 3197 ||| DROPPING +1 shortbow.
  3269 | D:4      | Found a staircase to the Ecumenical Temple.
  3270 | D:4      | Found a broken altar of Ashenzari.
  3387 | D:4      | Found a snail-covered altar of Cheibriados.
  3396 | D:4      | Reached XP level 8. HP: 50/50 MP: 8/8
  3586 | D:4      | Found a radiant altar of Vehumet.
  3592 | D:4      | Found an ancient bone altar of Kikubaaqudgha.
  3593 | D:4      | Found a shimmering blue altar of Sif Muna.
  3615 | D:4      | Found a sand-covered staircase.
  3616 | D:4      | 3616 ||| UPGRADING to +4 ring of protection.
  3617 | D:4      | 3617 ||| READING scroll labelled PIDU ISHRITAL.
  3618 | D:4      | 3618 ||| READING scroll labelled JIOPNI SIYPSUXT.
  3619 | D:4      | 3619 ||| READING scroll labelled NUEGES LIKLAJ.
  3627 | Ossuary  | Entered an ossuary
  3722 | Ossuary  | Noticed a wraith
  3722 | Ossuary  | Noticed a flying skull
  3729 | Ossuary  | Noticed a flying skull
  3744 | Ossuary  | Noticed a flying skull
  3749 | Ossuary  | Noticed a flying skull
  3757 | Ossuary  | Noticed a flying skull
  3885 | Ossuary  | Noticed a wraith
  3899 | Ossuary  | Killed a wraith
  3900 | Ossuary  | Reached skill level 9 in Ranged Weapons
  3934 | Ossuary  | Noticed a wraith
  3946 | Ossuary  | Killed a wraith
  3947 | Ossuary  | Reached skill level 6 in Fighting
  4093 | Ossuary  | 4093 ||| READING 2 scrolls labelled ITWUNW DONTO.
  4094 | Ossuary  | 4094 ||| DRINKING 2 smoky clear potions.
  4199 | Ossuary  | 4199 ||| READING 2 scrolls of identify.
  4199 | Ossuary  | 4199 ||| IDENTIFYING orange potion
  4200 | Ossuary  | 4200 ||| DROPPING potion of berserk rage.
  4201 | Ossuary  | 4201 ||| DROPPING scroll of fog.
  4246 | D:4      | 4246 ||| PLANNING TEMPLE
  4311 | Temple   | Entered the Ecumenical Temple
  4312 | Temple   | 4312 ||| PLANNING OKAWARU WORSHIP
  4329 | Temple   | Became a worshipper of Warmaster Okawaru
  4330 | Temple   | 4330 ||| PLANNING D:1-11
  4538 | D:4      | Found a glowing silver altar of Zin.
  4819 | D:5      | Entered Level 5 of the Dungeon
  4822 | D:5      | Noticed Prince Ribbit
  4833 | D:5      | 4833 ||| FLEEEEING.
  4834 | D:5      | 4834 ||| FLEEEEING.
  4835 | D:5      | 4835 ||| STAIRDANCE
  4869 | D:5      | Killed Prince Ribbit
  4870 | D:5      | Reached skill level 10 in Ranged Weapons
  4870 | D:5      | Reached XP level 9. HP: 55/55 MP: 9/9
  4895 | D:5      | Noticed Menkaure
  4899 | D:5      | Killed Menkaure
  4899 | D:5      | Reached * piety under Okawaru
  4933 | D:5      | 4933 ||| INVOKING Heroism.
  4983 | D:5      | 4983 ||| INVOKING Heroism.
  5443 | D:5      | Noticed Edmund
  5455 | D:5      | Killed Edmund
  5672 | D:5      | Found an ornate altar of the Wu Jian Council.
  5681 | D:5      | 5681 ||| INVOKING Heroism.
  5692 | D:5      | 5692 ||| FLEEEEING.
  5706 | D:5      | 5706 ||| UPGRADING to ring of resist corrosion.
  5837 | D:6      | Reached skill level 11 in Ranged Weapons
  5872 | D:6      | 5872 ||| Stepping ~*~*~tactically~*~*~ (outnumbered).
  5888 | D:6      | 5888 ||| Stepping ~*~*~tactically~*~*~ (outnumbered).
  5930 | D:6      | 5930 ||| FLEEEEING.
  6178 | D:6      | 6178 ||| Stepping ~*~*~tactically~*~*~ (outnumbered).
  6180 | D:6      | 6180 ||| Stepping ~*~*~tactically~*~*~ (outnumbered).
  6187 | D:6      | Reached skill level 3 in Dodging
  6236 | D:6      | Reached skill level 3 in Armour
  6236 | D:6      | Reached skill level 1 in Invocations
  6338 | D:6      | 6338 ||| INVOKING Heroism.
  6342 | D:6      | 6342 ||| RETREATING.
  6348 | D:6      | 6348 ||| Stepping ~*~*~tactically~*~*~ (retreating).
  6361 | D:6      | Reached skill level 3 in Invocations
  6651 | D:6      | Found a hazy altar of Hepliaklqana.
  6652 | D:6      | Found a shimmering altar of Xom.
  6653 | D:6      | Noticed a spectral ugly thing
  6722 | D:6      | Noticed a two-headed ogre
  6723 | D:6      | 6723 ||| INVOKING Heroism.
  6727 | D:6      | 6727 ||| Stepping ~*~*~tactically~*~*~ (retreating).
  6735 | D:6      | Killed a two-headed ogre
  6735 | D:6      | Reached ** piety under Okawaru
  6736 | D:6      | Reached XP level 10. HP: 46/64 MP: 10/13
  6752 | D:6      | 6752 ||| FLEEEEING.
  6753 | D:6      | 6753 ||| FLEEEEING.
  6754 | D:6      | 6754 ||| FLEEEEING.
  6818 | D:6      | 6818 ||| INVOKING Heroism.
  6954 | D:6      | 6954 ||| UPGRADING to +0 pair of boots.
  6959 | D:6      | 6959 ||| READING 2 scrolls of identify.
  6959 | D:6      | 6959 ||| IDENTIFYING amethyst potion
  6960 | D:6      | 6960 ||| DRINKING potion of experience.
  6960 | D:6      | Reached skill level 15 in Ranged Weapons
  6960 | D:6      | Reached XP level 11. HP: 68/68 MP: 14/14
  7021 | D:7      | Found a basalt altar of Yredelemnul.
  7064 | D:7      | Noticed Joseph
  7064 | D:7      | Noticed Jeremiah
  7065 | D:7      | 7065 ||| RETREATING.
  7076 | D:7      | 7076 ||| FLEEEEING.
  7078 | D:7      | 7078 ||| Stepping ~*~*~tactically~*~*~ (retreating).
  7080 | D:7      | 7080 ||| INVOKING Heroism.
  7083 | D:7      | 7083 ||| Stepping ~*~*~tactically~*~*~ (outnumbered).
  7085 | D:7      | 7085 ||| Stepping ~*~*~tactically~*~*~ (outnumbered).
  7089 | D:7      | 7089 ||| RETREATING.
  7090 | D:7      | 7090 ||| Stepping ~*~*~tactically~*~*~ (retreating).
  7091 | D:7      | 7091 ||| Stepping ~*~*~tactically~*~*~ (retreating).
  7092 | D:7      | 7092 ||| Stepping ~*~*~tactically~*~*~ (retreating).
  7093 | D:7      | 7093 ||| Stepping ~*~*~tactically~*~*~ (retreating).
  7103 | D:7      | 7103 ||| Stepping ~*~*~tactically~*~*~ (retreating).
  7104 | D:7      | 7104 ||| Stepping ~*~*~tactically~*~*~ (retreating).
  7107 | D:7      | 7107 ||| INVOKING Heroism.
  7109 | D:7      | HP: 13/68 [Joseph/+0 quarterstaff (12)]
  7110 | D:7      | 7110 ||| READING 4 scrolls of teleportation.
  7111 | D:7      | 7111 ||| DRINKING potion of heal wounds.
  7114 | D:7      | HP: 8/68 [Jeremiah/divine providence (16)]
  7116 | D:7      | 7116 ||| READING 3 scrolls of teleportation.
  7121 | D:7      | 7121 ||| READING 2 scrolls of teleportation.
  7121 | D:7      | Shot with a sling bullet by Joseph

Levels and vault maps discovered:
D:1:      roderic_dead_forest, layout_basic
D:2:      layout_basic
D:3:      layout_rooms, fedhas_altar_4, mainiacjoe_overflow_alcove_4,
          lightli_sewer_entry_pipes, uniq_robin
D:4:      layout_loops_corners, grunt_temple_overflow_magic_moments,
          mainiacjoe_overflow_cross_hatched, zin_statuary, trog_ov_bears_minmay,
          kennysheep_mini_moat, temple_statues, chequers_ossuary_entry_cave,
          chequers_serial_rivers_room_b
D:5:      layout_loops_ring, mainiacjoe_overflow_chevrons, uniq_prince_ribbit1,
          uniq_edmund, uniq_menkaure
D:6:      layout_loops_ring, regret_index_temple_of_mockery
D:7:      layout_gridville, mainiacjoe_overflow_small_starburst,
          nemelex_dance_club_becter, uniq_joseph, uniq_jeremiah
Temple:   nicolae_temple_bog_church

Skill      XL: |  1  2  3  4  5  6  7  8  9 10 |
---------------+-------------------------------+-----
Ranged Weapons | 5 6 7 8 10 11 15 | 15.0
Armour         | 1 2 3 |  3.5
Fighting       | 3 4 5 6 8 |  8.0
Dodging        | 2 3 |  3.0
Invocations    | 5 |  5.0
Stealth        | |  1.1

Action                     |  1- 3 |  4- 6 |  7- 9 | 10-12 || total
---------------------------+-------+-------+-------+-------++-------
   Fire: Shortbow          |   100 |   186 |    41 |       ||   327
         Orcbow            |       |       |   367 |    60 ||   427
 Invoke: Heroism           |       |       |     5 |     3 ||     8
    Use: Scroll            |     3 |     6 |     7 |     4 ||    20
         Potion            |     1 |     1 |     1 |     2 ||     5
 Armour: Leather armour    |    19 |       |       |       ||    19
         Ring mail         |    11 |    73 |   239 |    33 ||   356
  Dodge: Dodged            |    21 |    51 |   147 |    26 ||   245

Table legend:
 A = Non-vault XP
 B = Vault XP
 C = Vault XP percentage of total XP
 D = Non-vault monster count
 E = Vault monster count
 F = Vault count percentage of total count
                 A         B        C        D         E       F
            +---------+---------+-------+---------+---------+-------
      Total |    3776 |    2115 |  35.9 |     125 |      68 |  35.2
            +---------+---------+-------+---------+---------+-------
        D:1 |      41 |       0 |   0.0 |      24 |       0 |   0.0
        D:2 |      50 |       0 |   0.0 |      16 |       0 |   0.0
        D:3 |     145 |     244 |  62.7 |      13 |      25 |  65.8
        D:4 |     356 |     128 |  26.4 |      16 |       1 |   5.9
        D:5 |     562 |     609 |  52.0 |      23 |       3 |  11.5
        D:6 |    2289 |       0 |   0.0 |      26 |       0 |   0.0
        D:7 |     333 |       0 |   0.0 |       7 |       0 |   0.0
      Sewer |       0 |     410 | 100.0 |       0 |      25 | 100.0
    Ossuary |       0 |     724 | 100.0 |       0 |      14 | 100.0
            +---------+---------+-------+---------+---------+-------
